 Dungeon Crawl Stone Soup version 0.27-a0-931-g5a74e75d8f (webtiles) character file.

Game seed: 3587509829099205561

11 Alarkh the Insei (level 2, 20/22 HPs)
             Began as a Demonspawn Gladiator on Apr 10, 2021.
             Got out of the dungeon alive.
             The game lasted 00:00:22 (373 turns).

Alarkh the Insei (Demonspawn Gladiator)              Turns: 373, Time: 00:00:23

Health: 20/22      AC:  6    Str: 14    XL:     2   Next: 13%
Magic:  2/2        EV: 12    Int:  9    God:
Gold:   0          SH:  0    Dex: 14    Spells: 1/1 levels left

rFire    . . .     SeeInvis .     - Unarmed
rCold    . . .     Faith    .   (no shield)
rNeg     . . .     Spirit   .   a - +0 leather armour
rPois    .         Reflect  .   b - +0 helmet
rElec    .         Harm     .   (no cloak)
rCorr    .         Rampage  .   (no gloves)
Will     .....                  (no boots)
Stlth    +.........             (no amulet)
HPRegen  0.07/turn              (no ring)
MPRegen  0.08/turn              (no ring)

@: no status effects
A: thin metallic scales 1
a: no special abilities


You escaped.
You visited 1 branch of the dungeon, and saw 1 of its levels.

Inventory:

Missiles
 c - 3 throwing nets (quivered)
Armour
 a - a +0 leather armour (worn)
 b - a +0 helmet (worn)
Potions
 d - a potion of heal wounds {unknown}


   Skills:
 + Level 2.2 Fighting
 - Level 1.7 Throwing
 - Level 2.6 Dodging
 * Level 3.1 Unarmed Combat


You had one spell level left.
You didn't know any spells.
Your spell library was empty.

Dungeon Overview and Level Annotations

Branches:
Dungeon (1/15)

Altars:


Innate Abilities, Weirdness & Mutations

You are partially covered in thin metallic scales. (AC +2)


Message History

You have reached level 2!
Your demonic ancestry asserts itself...
Thin metallic scales grow over part of your body.
A bat comes into view.
There is a stone staircase leading down here.
You closely miss the bat. The bat hits you but does no damage.
A hobgoblin comes into view.
The bat hits you but does no damage.
The hobgoblin shouts!
The bat hits you.
You miss the bat. The bat misses you. The bat closely misses you.
You miss the bat. The bat barely misses you. The bat misses you.
You hit the hobgoblin but do no damage. Your punch misses the hobgoblin.
The bat misses you.
Your leather armour prevents you from hitting the hobgoblin.
The bat barely misses you. The hobgoblin misses you.
You hit the hobgoblin.
You kill the hobgoblin!
The bat closely misses you.
You hit the bat.
You kill the bat!
No target in view!
No target in view!
No target in view!
No target in view!
No target in view!
No target in view!
No target in view!
No target in view!
No target in view!
No target in view!
No target in view!
No target in view!
No target in view!
Unknown command.
There is a stone staircase leading down here.
There is a staircase leading out of the dungeon here.
Are you sure you want to leave the Dungeon?
This will make you lose the game!
You have escaped!

#.# #.# #.# #.# ..######.##
#.# #.# #.# #.........# #.#
#.###.# ########..####.####
#...# ####..........# #.#.###
#...........8.#####.#.#
#..###........≈§≈##.#.#
#..###.....§.§≈≈≈##.#.#
#..##..8..8@.§§≈>##.#.###
######..........§§≈§§≈##.....#
.....>..#.##.....§§§§≈##.#.#.#
........#.###....8.#####...#.#
......#...# ##.....# #.###.#
####....### ##..### #.....#
#.#.## ##.# #.##### #.#.# #.#
#.# #.#.# #.# #.#


There were no monsters in sight!

Vanquished Creatures
  3 endoplasms (D:1)
  2 hobgoblins (D:1)
  A quokka (D:1)
  A ball python (D:1)
  A bat (D:1)
  A frilled lizard (D:1)
  A kobold (D:1)
10 creatures vanquished.

Notes
Turn   | Place    | Note
-------+----------+-------------------------------------------
     0 | D:1      | Alarkh the Demonspawn Gladiator began the quest for the
                  | Orb.
     0 | D:1      | Reached XP level 1. HP: 16/16 MP: 1/1
   153 | D:1      | Reached skill level 3 in Unarmed Combat
   338 | D:1      | Gained mutation: You are partially covered in thin metallic
                  | scales. (AC +2) [demonic ancestry]
   338 | D:1      | Reached XP level 2. HP: 18/22 MP: 2/2
   373 | D:$      | Got out of the dungeon alive.

Illustrated notes

Levels and vault maps discovered:
D:1:      grunt_arrival_lava_bath, layout_loops_ring,
          shapermc_ecumenical_altar_mp_highgroup

Skill      XL: |  1 |
---------------+----+-----
Unarmed Combat | 3 |  3.1
Fighting       | |  2.2
Throwing       | |  1.7
Dodging        | |  2.6

Action                   || total
-------------------------++-------
Melee: Unarmed           ||    46
       Punch             ||     1
Armor: Leather armour    ||    20
Dodge: Dodged            ||    22

Table legend: (Time is in decaauts)
 A = Elapsed time spent in this place.
 B = Non-inter-level travel time spent in this place.
 C = Inter-level travel time spent in this place.
 D = Time resting spent in this place.
 E = Time spent auto-exploring this place.
 F = Levels seen in this place.
 G = Mean time per level.
                   A        B        C        D        E       F      G
               +--------+--------+--------+--------+--------+-----+--------+
         Total |    370 |    353 |     17 |    133 |    148 |   1 |  370.0 |
       Dungeon |    370 |    353 |     17 |    133 |    148 |   1 |  370.0 |
               +--------+--------+--------+--------+--------+-----+--------+

Top non-repeatable levels by time:
     D:1: 370 daAuts
